 Dungeon Crawl Stone Soup version bcrawl-1.12-10-g10a67aac0f (webtiles) character file.

Game seed: 17209598001993032354

2 Hercules1031 the Changer (level 1, 13/13 HPs)
             Began as a Gnoll Wanderer on June 19, 2019.
             Got out of the dungeon alive.
             The game lasted 00:02:04 (59 turns).

Hercules1031 the Changer (Gnoll Wanderer)             Turns: 59, Time: 00:02:05

Health: 13/13      AC:  2    Str: 12    XL:     1   Next: 40%
Magic:  4/4        EV: 11    Int: 17    God:
Gold:   0          SH:  0    Dex: 13    Spells: 2/5 levels left

rFire    . . .     SeeInvis .   a - +0 dagger
rCold    . . .     Gourm    .   (no shield)
rNeg     . . .     Faith    .   d - +0 robe
rPois    .         Spirit   .   (no helmet)
rElec    .         Reflect  .   (no cloak)
rCorr    .         Harm     .   (no gloves)
MR       .....                  (no boots)
Stlth    +.........             (no amulet)
HPRegen  0.04/turn              (no ring)
MPRegen  0.09/turn              (no ring)

@: no status effects
A: distributed training, fangs 1, strong nose
a: no special abilities


You escaped.
You were not hungry.

You visited 1 branch of the dungeon, and saw 1 of its levels.

Inventory:

Hand Weapons
 a - a +0 dagger (weapon)
Armour
 d - a +0 robe (worn)
Scrolls
 b - a scroll of noise {unknown}
Potions
 c - a potion of brilliance {unknown}
Comestibles
 f - a ration {!d}


   Skills:
 + Level 0.0 Fighting
 + Level 0.0 Short Blades
 + Level 0.0 Long Blades
 + Level 0.0 Axes
 + Level 0.0 Maces & Flails
 + Level 0.0 Polearms
 + Level 0.0 Staves
 + Level 0.0 Slings
 + Level 0.0 Bows
 + Level 0.0 Crossbows
 + Level 2.3 Throwing
 + Level 0.0 Armour
 + Level 0.0 Dodging
 + Level 0.0 Stealth
 + Level 2.3 Shields
 + Level 0.0 Unarmed Combat
 + Level 2.6 Spellcasting
 + Level 0.0 Conjurations
 + Level 1.9 Hexes
 + Level 0.0 Charms
 + Level 0.0 Summonings
 + Level 0.0 Necromancy
 + Level 3.6 Translocations
 + Level 5.3 Transmutations
 + Level 0.0 Fire Magic
 + Level 0.0 Ice Magic
 + Level 0.0 Air Magic
 + Level 1.9 Earth Magic
 + Level 0.0 Poison Magic
 + Level 0.1 Invocations
 + Level 0.0 Evocations


You had 2 spell levels left.
You knew the following spells:

 Your Spells              Type           Power        Failure   Level  Hunger
a - Freeze                Ice            #...         19%         1    #......
b - Corona                Hex            #......      9%          1    #......
c - Blink Other           Tloc           ##....       4%          1    #......

Your spell library contained the following spells:

 Spells                   Type           Power        Failure   Level  Hunger
 Blink                    Tloc           N/A          6%          2    ##.....
 Shackle                  Hex            #.......     12%         2    ##.....
 Throw Frost              Conj/Ice       #.....       26%         2    ##.....
 Portal Projectile        Tloc           ##....       12%         3    ###....
 Teleport Other           Tloc           ##......     12%         3    ###....
 False Image              Hex/Summ       #.......     36%         3    ###....
 Inner Flame              Hex/Fire       N/A          36%         3    ###....
 Yara's Violent Unravell  Hex/Tmut       ##........   38%         4    #####..
 Ozocubu's Armour         Chrm/Ice       #.......     47%         3    ###....
 Cause Fear               Hex            #.........   63%         4    #####..
 Passage of Golubria      Tloc           N/A          75%         5    ######.
 Summon Ice Beast         Ice/Summ       #.......     87%         4    #####..
 Throw Icicle             Conj/Ice       #.......     87%         4    #####..


Dungeon Overview and Level Annotations

Branches:
Dungeon (1/12)

Altars:


Innate Abilities, Weirdness & Mutations

Your experience applies equally to all skills.
You have very sharp teeth.
Your uncanny sense of smell can sniff out nearby items.


Message History

Aim: a goblin You freeze the goblin.
The goblin is heavily wounded.
The goblin barely misses you.
You hit the goblin.
You kill the goblin!
Okay, then.
A bat comes into view.
Casting: Freeze (safe; 19% risk of failure)
Confirm with . or Enter, or press ? or * to list all spells.
You don't know that spell.
You see here a golden potion.
c - a golden potion
Found a stone staircase leading down.
Number of times to repeat, then command key: You must enter the number of times for the command to repeat.
There is a staircase leading out of the dungeon here.
You can't go down here!
Are you sure you want to leave the Dungeon?
This will make you lose the game!
You have escaped!

#
#.#...........###..≈≈≈
#.#...............≈≈≈≈
#.#................≈≈≈
###...............≈≈
#..............≈≈≈
##...........≈.≈≈≈
#...........≈≈≈≈≈
#..........≈≈.≈≈≈
##.......@≈≈.≈≈≈≈
#.......≈≈≈.≈≈≈≈
#.........≈≈≈≈≈≈
#.....≈≈≈.≈≈≈≈≈≈≈
#..≈....≈≈≈≈≈≈≈≈≈
#≈≈≈≈..≈≈≈≈≈≈≈≈≈≈
≈≈≈≈≈≈≈≈≈≈≈≈≈≈≈≈
≈≈≈≈≈≈≈≈≈≈≈≈≈≈≈


There were no monsters in sight!

Vanquished Creatures
  A ball python (D:1)
  A goblin (D:1)
2 creatures vanquished.

Notes
Turn   | Place    | Note
-------+----------+-------------------------------------------
     0 | D:1      | Hercules1031 the Gnoll Wanderer began the quest for the
                  | Orb.
     0 | D:1      | Hercules1031 set off with the following items: a +0 dagger,
                  | a +0 robe, a ration {!d}; and the following spells
                  | available to memorise: Blink Other, Blink, Corona, Shackle,
                  | Portal Projectile, Teleport Other, Freeze, Throw Frost,
                  | False Image, Inner Flame, Yara's Violent Unravelling,
                  | Ozocubu's Armour, Cause Fear, Passage of Golubria, Summon
                  | Ice Beast, Throw Icicle
     0 | D:1      | Reached XP level 1. HP: 13/13 MP: 4/4
     2 | D:1      | Learned a level 1 spell: Freeze
     4 | D:1      | Learned a level 1 spell: Corona
     6 | D:1      | Learned a level 1 spell: Blink Other
    59 | D:$      | Got out of the dungeon alive.

Action                   || total
-------------------------++-------
Melee: Dagger            ||     2
 Cast: Freeze            ||     2
       Blink Other       ||     1
Dodge: Dodged            ||     2
